Workbook
Name EMPRESAS: OFFSET(#REF!,1,0):OFFSET(#REF!,-1,0)

Sheet 1. PQPU
A2: PREFEITURA MUNICIPAL DE ARUJÁ
A3: SECRETARIA MUNICIPAL DE OBRAS
A5: OBRA: | B5: CONTRATAÇÃO DE EMPRESA ESPECIALIZADA PARA EXECUÇÃO DO SALDO REMANESCENTE DA OBRA DE CONSTRUÇÃO DO HOSPITAL GERAL DE ARUJÁ | D5: CONTRATAÇÃO DE EMPRESA ESPECIALIZADA PARA EXECUÇÃO DO SALDO REMANESCENTE DA OBRA DE CONSTRUÇÃO DO HOSPITAL GERAL DE ARUJÁ
A7: ENDEREÇO: | B7: RUA MAJOR BENJAMIN FRANCO, 881 - CENTRO, ARUJÁ - SÃO PAULO. | D7: RUA MAJOR BENJAMIN FRANCO, 881 - CENTRO, ARUJÁ - SÃO PAULO.
A9: COORDENADAS: | B9: 23°23'50.3"S 46°19'55.6"W | D9: 23°23'50.3"S 46°19'55.6"W
A11: DATA BASE: | B11: 46204 | D11: 46204
A13: PQPU - PLANILHA DE QUANTIDADES
A15: ITEM | B15: CÓDIGO | C15: FONTE | D15: DESCRIÇÃO DOS SERVIÇOS | E15: UN | F15: QUANTIDADE
A17: 1.0 | D17: SERVIÇOS PRELIMINARES
A18: 1.1 | B18: CANTEIRO DE OBRAS
A19: 1.1.1 | B19: 103689 | C19: SINAPI | D19: FORNECIMENTO E INSTALAÇÃO DE PLACA DE OBRA COM CHAPA GALVANIZADA E ESTRUTURA DE MADEIRA. AF_03/2022_PS | E19: M2 | F19: 24.4
A20: 1.1.2 | B20: 101508 | C20: SINAPI | D20: ENTRADA DE ENERGIA ELÉTRICA, AÉREA, TRIFÁSICA, COM CAIXA DE SOBREPOR, CABO DE 35 MM2 E DISJUNTOR DIN 50A (NÃO INCLUSO O POSTE DE CONCRETO). AF_12/2025 | E20: UN | F20: 1
A21: 1.1.3 | B21: 5.0 | C21: CPU | D21: MOBILIZAÇÃO / DESMOBILIZAÇÃO DE CANTEIRO | E21: VB | F21: 1
A24: 2.0 | D24: ESTRUTURAS
A25: 2.1 | B25: PILARES - LAJES ELEVADORES
A26: 2.1.1 | B26: 92443 | C26: SINAPI | D26: MONTAGEM E DESMONTAGEM DE FÔRMA DE PILARES RETANGULARES E ESTRUTURAS SIMILARES, PÉ-DIREITO SIMPLES, EM CHAPA DE MADEIRA COMPENSADA PLASTIFICADA, 18 UTILIZAÇÕES. AF_09/2020 | E26: M2 | F26: 209.59
A27: 2.1.2 | B27: 92763 | C27: SINAPI | D27: ARMAÇÃO DE PILAR OU VIGA DE ESTRUTURA CONVENCIONAL DE CONCRETO ARMADO UTILIZANDO AÇO CA-50 DE 12,5 MM - MONTAGEM. AF_06/2022 | E27: KG | F27: 885.2
A28: 2.1.3 | B28: 92764 | C28: SINAPI | D28: ARMAÇÃO DE PILAR OU VIGA DE ESTRUTURA CONVENCIONAL DE CONCRETO ARMADO UTILIZANDO AÇO CA-50 DE 16,0 MM - MONTAGEM. AF_06/2022 | E28: KG | F28: 122.5
A29: 2.1.4 | B29: 92760 | C29: SINAPI | D29: ARMAÇÃO DE PILAR OU VIGA DE ESTRUTURA CONVENCIONAL DE CONCRETO ARMADO UTILIZANDO AÇO CA-50 DE 6,3 MM - MONTAGEM. AF_06/2022 | E29: KG | F29: 234.8
A30: 2.1.5 | B30: 92761 | C30: SINAPI | D30: ARMAÇÃO DE PILAR OU VIGA DE ESTRUTURA CONVENCIONAL DE CONCRETO ARMADO UTILIZANDO AÇO CA-50 DE 8,0 MM - MONTAGEM. AF_06/2022 | E30: KG | F30: 26.4
A31: 2.1.6 | B31: 92759 | C31: SINAPI | D31: ARMAÇÃO DE PILAR OU VIGA DE ESTRUTURA CONVENCIONAL DE CONCRETO ARMADO UTILIZANDO AÇO CA-60 DE 5,0 MM - MONTAGEM. AF_06/2022 | E31: KG | F31: 155.1
A32: 2.1.7 | B32: 92762 | C32: SINAPI | D32: ARMAÇÃO DE PILAR OU VIGA DE ESTRUTURA CONVENCIONAL DE CONCRETO ARMADO UTILIZANDO AÇO CA-50 DE 10,0 MM - MONTAGEM. AF_06/2022 | E32: KG | F32: 49.2
A33: 2.1.8 | B33: 11.01.321 | C33: CDHU | D33: CONCRETO USINADO, FCK = 35 MPA - PARA BOMBEAMENTO | E33: M3 | F33: 19.65
A34: 2.1.9 | B34: 11.16.080 | C34: CDHU | D34: LANÇAMENTO E ADENSAMENTO DE CONCRETO OU MASSA POR BOMBEAMENTO | E34: M3 | F34: 19.65
A35: 2.2 | B35: PILARES - LAJE TÉCNICA DO PAVIMENTO TÉCNICO
A36: 2.2.1 | B36: 92443 | C36: SINAPI | D36: MONTAGEM E DESMONTAGEM DE FÔRMA DE PILARES RETANGULARES E ESTRUTURAS SIMILARES, PÉ-DIREITO SIMPLES, EM CHAPA DE MADEIRA COMPENSADA PLASTIFICADA, 18 UTILIZAÇÕES. AF_09/2020 | E36: M2 | F36: 309.72
A37: 2.2.2 | B37: 92763 | C37: SINAPI | D37: ARMAÇÃO DE PILAR OU VIGA DE ESTRUTURA CONVENCIONAL DE CONCRETO ARMADO UTILIZANDO AÇO CA-50 DE 12,5 MM - MONTAGEM. AF_06/2022 | E37: KG | F37: 1156.8
A38: 2.2.3 | B38: 92760 | C38: SINAPI | D38: ARMAÇÃO DE PILAR OU VIGA DE ESTRUTURA CONVENCIONAL DE CONCRETO ARMADO UTILIZANDO AÇO CA-50 DE 6,3 MM - MONTAGEM. AF_06/2022 | E38: KG | F38: 12.1
A39: 2.2.4 | B39: 92759 | C39: SINAPI | D39: ARMAÇÃO DE PILAR OU VIGA DE ESTRUTURA CONVENCIONAL DE CONCRETO ARMADO UTILIZANDO AÇO CA-60 DE 5,0 MM - MONTAGEM. AF_06/2022 | E39: KG | F39: 497.2
A40: 2.2.5 | B40: 11.01.321 | C40: CDHU | D40: CONCRETO USINADO, FCK = 35 MPA - PARA BOMBEAMENTO | E40: M3 | F40: 29.66
A41: 2.2.6 | B41: 11.16.080 | C41: CDHU | D41: LANÇAMENTO E ADENSAMENTO DE CONCRETO OU MASSA POR BOMBEAMENTO | E41: M3 | F41: 29.66
A42: 2.3 | B42: PILARES - LAJE TÉCNICA RESERVATÓRIOS
A43: 2.3.1 | B43: 92443 | C43: SINAPI | D43: MONTAGEM E DESMONTAGEM DE FÔRMA DE PILARES RETANGULARES E ESTRUTURAS SIMILARES, PÉ-DIREITO SIMPLES, EM CHAPA DE MADEIRA COMPENSADA PLASTIFICADA, 18 UTILIZAÇÕES. AF_09/2020 | E43: M2 | F43: 209.6
A44: 2.3.2 | B44: 92763 | C44: SINAPI | D44: ARMAÇÃO DE PILAR OU VIGA DE ESTRUTURA CONVENCIONAL DE CONCRETO ARMADO UTILIZANDO AÇO CA-50 DE 12,5 MM - MONTAGEM. AF_06/2022 | E44: KG | F44: 735.2
A45: 2.3.3 | B45: 92759 | C45: SINAPI | D45: ARMAÇÃO DE PILAR OU VIGA DE ESTRUTURA CONVENCIONAL DE CONCRETO ARMADO UTILIZANDO AÇO CA-60 DE 5,0 MM - MONTAGEM. AF_06/2022 | E45: KG | F45: 347.8
A46: 2.3.4 | B46: 11.01.321 | C46: CDHU | D46: CONCRETO USINADO, FCK = 35 MPA - PARA BOMBEAMENTO | E46: M3 | F46: 20.16
A47: 2.3.5 | B47: 92764 | C47: SINAPI | D47: ARMAÇÃO DE PILAR OU VIGA DE ESTRUTURA CONVENCIONAL DE CONCRETO ARMADO UTILIZANDO AÇO CA-50 DE 16,0 MM - MONTAGEM. AF_06/2022 | E47: KG | F47: 196
A48: 2.3.6 | B48: 92762 | C48: SINAPI | D48: ARMAÇÃO DE PILAR OU VIGA DE ESTRUTURA CONVENCIONAL DE CONCRETO ARMADO UTILIZANDO AÇO CA-50 DE 10,0 MM - MONTAGEM. AF_06/2022 | E48: KG | F48: 137.6
A49: 2.3.7 | B49: 11.16.080 | C49: CDHU | D49: LANÇAMENTO E ADENSAMENTO DE CONCRETO OU MASSA POR BOMBEAMENTO | E49: M3 | F49: 20.16
A50: 2.4 | B50: LAJE DOS ELEVADORES - COTA 24,40
A51: 2.4.1 | B51: VIGAS
A52: 2.4.1.1 | B52: 92479 | C52: SINAPI | D52: MONTAGEM E DESMONTAGEM DE FÔRMA DE VIGA, ESCORAMENTO COM GARFO DE MADEIRA, PÉ-DIREITO SIMPLES, EM CHAPA DE MADEIRA PLASTIFICADA, 18 UTILIZAÇÕES. AF_09/2020 | E52: M2 | F52: 61.67
A53: 2.4.1.2 | B53: 92760 | C53: SINAPI | D53: ARMAÇÃO DE PILAR OU VIGA DE ESTRUTURA CONVENCIONAL DE CONCRETO ARMADO UTILIZANDO AÇO CA-50 DE 6,3 MM - MONTAGEM. AF_06/2022 | E53: KG | F53: 27.9
A54: 2.4.1.3 | B54: 92761 | C54: SINAPI | D54: ARMAÇÃO DE PILAR OU VIGA DE ESTRUTURA CONVENCIONAL DE CONCRETO ARMADO UTILIZANDO AÇO CA-50 DE 8,0 MM - MONTAGEM. AF_06/2022 | E54: KG | F54: 19.8
A55: 2.4.1.4 | B55: 92762 | C55: SINAPI | D55: ARMAÇÃO DE PILAR OU VIGA DE ESTRUTURA CONVENCIONAL DE CONCRETO ARMADO UTILIZANDO AÇO CA-50 DE 10,0 MM - MONTAGEM. AF_06/2022 | E55: KG | F55: 67.5
A56: 2.4.1.5 | B56: 92763 | C56: SINAPI | D56: ARMAÇÃO DE PILAR OU VIGA DE ESTRUTURA CONVENCIONAL DE CONCRETO ARMADO UTILIZANDO AÇO CA-50 DE 12,5 MM - MONTAGEM. AF_06/2022 | E56: KG | F56: 49.5
A57: 2.4.1.6 | B57: 92765 | C57: SINAPI | D57: ARMAÇÃO DE PILAR OU VIGA DE ESTRUTURA CONVENCIONAL DE CONCRETO ARMADO UTILIZANDO AÇO CA-50 DE 20,0 MM - MONTAGEM. AF_06/2022 | E57: KG | F57: 17.1
A58: 2.4.1.7 | B58: 92759 | C58: SINAPI | D58: ARMAÇÃO DE PILAR OU VIGA DE ESTRUTURA CONVENCIONAL DE CONCRETO ARMADO UTILIZANDO AÇO CA-60 DE 5,0 MM - MONTAGEM. AF_06/2022 | E58: KG | F58: 83.7
A59: 2.4.1.8 | B59: 11.01.321 | C59: CDHU | D59: CONCRETO USINADO, FCK = 35 MPA - PARA BOMBEAMENTO | E59: M3 | F59: 6.4
A60: 2.4.1.9 | B60: 11.16.080 | C60: CDHU | D60: LANÇAMENTO E ADENSAMENTO DE CONCRETO OU MASSA POR BOMBEAMENTO | E60: M3 | F60: 6.4
A61: 2.4.2 | B61: LAJE MACIÇA
A62: 2.4.2.1 | B62: 92522 | C62: SINAPI | D62: MONTAGEM E DESMONTAGEM DE FÔRMA DE LAJE MACIÇA, PÉ-DIREITO SIMPLES, EM CHAPA DE MADEIRA COMPENSADA RESINADA, 8 UTILIZAÇÕES. AF_09/2020 | E62: M2 | F62: 90.05
A63: 2.4.2.2 | B63: 92769 | C63: SINAPI | D63: ARMAÇÃO DE LAJE DE ESTRUTURA CONVENCIONAL DE CONCRETO ARMADO UTILIZANDO AÇO CA-50 DE 6,3 MM - MONTAGEM. AF_06/2022 | E63: KG | F63: 0.9
A64: 2.4.2.3 | B64: 92771 | C64: SINAPI | D64: ARMAÇÃO DE LAJE DE ESTRUTURA CONVENCIONAL DE CONCRETO ARMADO UTILIZANDO AÇO CA-50 DE 10,0 MM - MONTAGEM. AF_06/2022 | E64: KG | F64: 1714.5
A65: 2.4.2.4 | B65: 11.01.321 | C65: CDHU | D65: CONCRETO USINADO, FCK = 35 MPA - PARA BOMBEAMENTO | E65: M3 | F65: 13.7
A66: 2.4.2.5 | B66: 11.16.080 | C66: CDHU | D66: LANÇAMENTO E ADENSAMENTO DE CONCRETO OU MASSA POR BOMBEAMENTO | E66: M3 | F66: 13.7
A67: 2.5 | B67: PISO TÉCNICO RESERVATÓRIOS - COTA 29,30
A68: 2.5.1 | B68: VIGA
A69: 2.5.1.1 | B69: 92479 | C69: SINAPI | D69: MONTAGEM E DESMONTAGEM DE FÔRMA DE VIGA, ESCORAMENTO COM GARFO DE MADEIRA, PÉ-DIREITO SIMPLES, EM CHAPA DE MADEIRA PLASTIFICADA, 18 UTILIZAÇÕES. AF_09/2020 | E69: M2 | F69: 118.21
A70: 2.5.1.2 | B70: 92760 | C70: SINAPI | D70: ARMAÇÃO DE PILAR OU VIGA DE ESTRUTURA CONVENCIONAL DE CONCRETO ARMADO UTILIZANDO AÇO CA-50 DE 6,3 MM - MONTAGEM. AF_06/2022 | E70: KG | F70: 14.4
A71: 2.5.1.3 | B71: 92761 | C71: SINAPI | D71: ARMAÇÃO DE PILAR OU VIGA DE ESTRUTURA CONVENCIONAL DE CONCRETO ARMADO UTILIZANDO AÇO CA-50 DE 8,0 MM - MONTAGEM. AF_06/2022 | E71: KG | F71: 20.7
A72: 2.5.1.4 | B72: 92762 | C72: SINAPI | D72: ARMAÇÃO DE PILAR OU VIGA DE ESTRUTURA CONVENCIONAL DE CONCRETO ARMADO UTILIZANDO AÇO CA-50 DE 10,0 MM - MONTAGEM. AF_06/2022 | E72: KG | F72: 117.9
A73: 2.5.1.5 | B73: 92763 | C73: SINAPI | D73: ARMAÇÃO DE PILAR OU VIGA DE ESTRUTURA CONVENCIONAL DE CONCRETO ARMADO UTILIZANDO AÇO CA-50 DE 12,5 MM - MONTAGEM. AF_06/2022 | E73: KG | F73: 49.5
A74: 2.5.1.6 | B74: 92765 | C74: SINAPI | D74: ARMAÇÃO DE PILAR OU VIGA DE ESTRUTURA CONVENCIONAL DE CONCRETO ARMADO UTILIZANDO AÇO CA-50 DE 20,0 MM - MONTAGEM. AF_06/2022 | E74: KG | F74: 189
A75: 2.5.1.7 | B75: 92766 | C75: SINAPI | D75: ARMAÇÃO DE PILAR OU VIGA DE ESTRUTURA CONVENCIONAL DE CONCRETO ARMADO UTILIZANDO AÇO CA-50 DE 25,0 MM - MONTAGEM. AF_06/2022 | E75: KG | F75: 180
A76: 2.5.1.8 | B76: 92759 | C76: SINAPI | D76: ARMAÇÃO DE PILAR OU VIGA DE ESTRUTURA CONVENCIONAL DE CONCRETO ARMADO UTILIZANDO AÇO CA-60 DE 5,0 MM - MONTAGEM. AF_06/2022 | E76: KG | F76: 520.2
A77: 2.5.1.9 | B77: 11.01.321 | C77: CDHU | D77: CONCRETO USINADO, FCK = 35 MPA - PARA BOMBEAMENTO | E77: M3 | F77: 18.77
A78: 2.5.1.10 | B78: 11.16.080 | C78: CDHU | D78: LANÇAMENTO E ADENSAMENTO DE CONCRETO OU MASSA POR BOMBEAMENTO | E78: M3 | F78: 18.77
A79: 2.5.2 | B79: LAJE MACIÇA
A80: 2.5.2.1 | B80: 92522 | C80: SINAPI | D80: MONTAGEM E DESMONTAGEM DE FÔRMA DE LAJE MACIÇA, PÉ-DIREITO SIMPLES, EM CHAPA DE MADEIRA COMPENSADA RESINADA, 8 UTILIZAÇÕES. AF_09/2020 | E80: M2 | F80: 124.72
A81: 2.5.2.2 | B81: 92771 | C81: SINAPI | D81: ARMAÇÃO DE LAJE DE ESTRUTURA CONVENCIONAL DE CONCRETO ARMADO UTILIZANDO AÇO CA-50 DE 10,0 MM - MONTAGEM. AF_06/2022 | E81: KG | F81: 2312
A82: 2.5.2.3 | B82: 92768 | C82: SINAPI | D82: ARMAÇÃO DE LAJE DE ESTRUTURA CONVENCIONAL DE CONCRETO ARMADO UTILIZANDO AÇO CA-60 DE 5,0 MM - MONTAGEM. AF_06/2022 | E82: KG | F82: 578
A83: 2.5.2.4 | B83: 11.01.321 | C83: CDHU | D83: CONCRETO USINADO, FCK = 35 MPA - PARA BOMBEAMENTO | E83: M3 | F83: 24.94
A84: 2.5.2.5 | B84: 11.16.080 | C84: CDHU | D84: LANÇAMENTO E ADENSAMENTO DE CONCRETO OU MASSA POR BOMBEAMENTO | E84: M3 | F84: 24.94
A85: 2.6 | B85: LAJE DE COBERTURA DOS RESERVATÓRIOS - COTA 31,30
A86: 2.6.1 | B86: VIGA
A87: 2.6.1.1 | B87: 92479 | C87: SINAPI | D87: MONTAGEM E DESMONTAGEM DE FÔRMA DE VIGA, ESCORAMENTO COM GARFO DE MADEIRA, PÉ-DIREITO SIMPLES, EM CHAPA DE MADEIRA PLASTIFICADA, 18 UTILIZAÇÕES. AF_09/2020 | E87: M2 | F87: 402.63
A88: 2.6.1.2 | B88: 11.01.321 | C88: CDHU | D88: CONCRETO USINADO, FCK = 35 MPA - PARA BOMBEAMENTO | E88: M3 | F88: 30.2
A89: 2.6.1.3 | B89: 92759 | C89: SINAPI | D89: ARMAÇÃO DE PILAR OU VIGA DE ESTRUTURA CONVENCIONAL DE CONCRETO ARMADO UTILIZANDO AÇO CA-60 DE 5,0 MM - MONTAGEM. AF_06/2022 | E89: KG | F89: 629.03
A90: 2.6.1.4 | B90: 92763 | C90: SINAPI | D90: ARMAÇÃO DE PILAR OU VIGA DE ESTRUTURA CONVENCIONAL DE CONCRETO ARMADO UTILIZANDO AÇO CA-50 DE 12,5 MM - MONTAGEM. AF_06/2022 | E90: KG | F90: 1571.76
A91: 2.6.1.5 | B91: 92773 | C91: SINAPI | D91: ARMAÇÃO DE LAJE DE ESTRUTURA CONVENCIONAL DE CONCRETO ARMADO UTILIZANDO AÇO CA-50 DE 16,0 MM - MONTAGEM. AF_06/2022 | E91: KG | F91: 678.48
A92: 2.6.1.6 | B92: 11.16.080 | C92: CDHU | D92: LANÇAMENTO E ADENSAMENTO DE CONCRETO OU MASSA POR BOMBEAMENTO | E92: M3 | F92: 30.2
A93: 2.6.2 | B93: LAJE MACIÇA
A94: 2.6.2.1 | B94: 92522 | C94: SINAPI | D94: MONTAGEM E DESMONTAGEM DE FÔRMA DE LAJE MACIÇA, PÉ-DIREITO SIMPLES, EM CHAPA DE MADEIRA COMPENSADA RESINADA, 8 UTILIZAÇÕES. AF_09/2020 | E94: M2 | F94: 156.37
A95: 2.6.2.2 | B95: 92771 | C95: SINAPI | D95: ARMAÇÃO DE LAJE DE ESTRUTURA CONVENCIONAL DE CONCRETO ARMADO UTILIZANDO AÇO CA-50 DE 10,0 MM - MONTAGEM. AF_06/2022 | E95: KG | F95: 2621.7
A96: 2.6.2.3 | B96: 11.01.321 | C96: CDHU | D96: CONCRETO USINADO, FCK = 35 MPA - PARA BOMBEAMENTO | E96: M3 | F96: 23.46
A97: 2.6.2.4 | B97: 11.16.080 | C97: CDHU | D97: LANÇAMENTO E ADENSAMENTO DE CONCRETO OU MASSA POR BOMBEAMENTO | E97: M3 | F97: 23.46
A98: 2.7 | B98: ABRIGO DE LIXO
A99: 2.7.1 | B99: FUNDAÇÃO
A100: 2.7.1.1 | B100: 1004010 | C100: SIURB - EDIF | D100: APILOAMENTO DO FUNDO DE VALAS, PARA SIMPLES REGULARIZAÇÃO | E100: M2 | F100: 6.18
A101: 2.7.1.2 | B101: 96535 | C101: SINAPI | D101: FABRICAÇÃO, MONTAGEM E DESMONTAGEM DE FÔRMA PARA SAPATA, EM MADEIRA SERRADA, E=25 MM, 4 UTILIZAÇÕES. AF_01/2024 | E101: M2 | F101: 13.76
A102: 2.7.1.3 | B102: 96616 | C102: SINAPI | D102: LASTRO DE CONCRETO MAGRO, APLICADO EM BLOCOS DE COROAMENTO OU SAPATAS. AF_01/2024 | E102: M3 | F102: 0.62
A103: 2.7.1.4 | B103: 96544 | C103: SINAPI | D103: ARMAÇÃO DE BLOCO UTILIZANDO AÇO CA-50 DE 6,3 MM - MONTAGEM. AF_01/2024 | E103: KG | F103: 6.17
A104: 2.7.1.5 | B104: 104920 | C104: SINAPI | D104: ARMAÇÃO DE BLOCO, SAPATA ISOLADA, VIGA BALDRAME E SAPATA CORRIDA UTILIZANDO AÇO CA-50 DE 12,5 MM - MONTAGEM. AF_01/2024 | E104: KG | F104: 111.27
A105: 2.7.1.6 | B105: 11.01.321 | C105: CDHU | D105: CONCRETO USINADO, FCK = 35 MPA - PARA BOMBEAMENTO | E105: M3 | F105: 2.52
A106: 2.7.1.7 | B106: 98557 | C106: SINAPI | D106: IMPERMEABILIZAÇÃO DE SUPERFÍCIE COM EMULSÃO ASFÁLTICA, 2 DEMÃOS. AF_09/2023 | E106: M2 | F106: 19.94
A107: 2.7.1.8 | B107: 96521 | C107: SINAPI | D107: ESCAVAÇÃO MECANIZADA PARA BLOCO DE COROAMENTO OU SAPATA COM RETROESCAVADEIRA (INCLUINDO ESCAVAÇÃO PARA COLOCAÇÃO DE FÔRMAS). AF_01/2024 | E107: M3 | F107: 23.59
A108: 2.7.1.9 | B108: 96525 | C108: SINAPI | D108: ESCAVAÇÃO MECANIZADA PARA VIGA BALDRAME OU SAPATA CORRIDA COM MINI-ESCAVADEIRA (INCLUINDO ESCAVAÇÃO PARA COLOCAÇÃO DE FÔRMAS). AF_01/2024 | E108: M3 | F108: 93.21
A109: 2.7.1.10 | B109: 07.11.040 | C109: CDHU | D109: REATERRO COMPACTADO MECANIZADO DE VALA OU CAVA COM ROLO, MÍNIMO DE 95% PN | E109: M3 | F109: 114.28
A110: 2.7.1.11 | B110: 100980 | C110: SINAPI | D110: CARGA, MANOBRA E DESCARGA DE SOLOS E MATERIAIS GRANULARES EM CAMINHÃO BASCULANTE 18 M³ - CARGA COM ESCAVADEIRA HIDRÁULICA (CAÇAMBA DE 1,20 M³ / 155 HP) E DESCARGA LIVRE (UNIDADE: M3). AF_02/2026 | E110: M3 | F110: 3.15
...

Sheet 2.CRONOGRAMA
B2: ='1. PQPU'!A2 -> PREFEITURA MUNICIPAL DE ARUJÁ
B3: ='1. PQPU'!$A$3 -> SECRETARIA MUNICIPAL DE OBRAS
B5: ='1. PQPU'!A5 -> OBRA: | C5: ='1. PQPU'!B5 -> CONTRATAÇÃO DE EMPRESA ESPECIALIZADA PARA EXECUÇÃO DO SALDO REMANESCENTE DA OBRA DE CONSTRUÇÃO DO HOSPITAL GERAL DE ARUJÁ
B7: ='1. PQPU'!A7 -> ENDEREÇO: | C7: ='1. PQPU'!B7 -> RUA MAJOR BENJAMIN FRANCO, 881 - CENTRO, ARUJÁ - SÃO PAULO.
B9: ='1. PQPU'!A9 -> COORDENADAS: | C9: ='1. PQPU'!B9 -> 23°23'50.3"S 46°19'55.6"W
B12: ='1. PQPU'!A11 -> DATA BASE: | C12: ='1. PQPU'!B11 -> 46204
B15: CRONOGRAMA FÍSICO FINANCEIRO
D17: PRAZO: 12 MESES
B18: ITEM | C18: SERVIÇOS | D18: 1° MÊS | H18: 2° MÊS | L18: 3° MÊS | P18: 4° MÊS | T18: 5° MÊS | X18: 6° MÊS | AB18: 7° MÊS | AF18: 8° MÊS | AJ18: 9° MÊS | AN18: 10° MÊS | AR18: 11° MÊS | AV18: 12° MÊS
B21: ='1. PQPU'!A17 -> 1.0 | C21: ='1. PQPU'!D17 -> SERVIÇOS PRELIMINARES
D22: 1
B23: ='1. PQPU'!A24 -> 2.0 | C23: ='1. PQPU'!D24 -> ESTRUTURAS
D24: 0.2 | H24: 0.2 | L24: 0.3 | P24: 0.3
B25: ='1. PQPU'!A234 -> 3.0 | C25: ='1. PQPU'!D234 -> ALVENARIAS
D26: 0.2 | H26: 0.2 | L26: 0.2 | P26: 0.2 | T26: 0.2
B27: ='1. PQPU'!A276 -> 4.0 | C27: ='1. PQPU'!D276 -> PAREDES DE GESSO
D28: 0.25 | H28: 0.25 | L28: 0.25 | P28: 0.25 | AV28: 0
B29: ='1. PQPU'!A308 -> 5.0 | C29: ='1. PQPU'!D308 -> PROTEÇÃO RADIOLÓGICA
D30: 0 | H30: 0 | P30: 0.25 | T30: 0.25 | X30: 0.25 | AB30: 0.25 | AJ30: 0 | AN30: 0 | AR30: 0 | AV30: 0
B31: ='1. PQPU'!A317 -> 6.0 | C31: ='1. PQPU'!D317 -> PISOS
D32: 0 | P32: 0.15 | T32: 0.15 | X32: 0.15 | AB32: 0.2 | AF32: 0.2 | AJ32: 0.15 | AN32: 0 | AR32: 0 | AV32: 0
B33: ='1. PQPU'!A387 -> 7.0 | C33: ='1. PQPU'!D387 -> ACABAMENTO DAS PAREDES
D34: 0 | T34: 0 | X34: 0.1665 | AB34: 0.1665 | AF34: 0.1665 | AJ34: 0.1665 | AN34: 0.1665 | AR34: 0.1675
B35: ='1. PQPU'!A422 -> 8.0 | C35: ='1. PQPU'!D422 -> FORROS
D36: 0 | H36: 0 | L36: 0 | P36: 0 | T36: 0 | X36: 0 | AB36: 0.2 | AF36: 0.2 | AJ36: 0.2 | AN36: 0.2 | AR36: 0.2 | AV36: 0
B37: ='1. PQPU'!A447 -> 9.0 | C37: ='1. PQPU'!D447 -> LOUÇAS E METAIS
D38: 0 | T38: 0 | X38: 0 | AB38: 0 | AF38: 0 | AJ38: 0 | AN38: 0 | AR38: 0.5 | AV38: 0.5
B39: 10.0 | C39: ='1. PQPU'!D538 -> PORTAS E JANELAS
D40: 0 | H40: 0 | L40: 0 | P40: 0 | T40: 0 | X40: 0 | AB40: 0 | AF40: 0 | AJ40: 0.3 | AN40: 0.3 | AR40: 0.4
B41: ='1. PQPU'!A632 -> 11.0 | C41: ='1. PQPU'!D632 -> BRISES
D42: 0 | H42: 0 | L42: 0 | P42: 0 | T42: 0 | X42: 0 | AB42: 0 | AF42: 0 | AJ42: 0 | AN42: 0 | AR42: 0.5 | AV42: 0.5
B43: ='1. PQPU'!A636 -> 12.0 | C43: ='1. PQPU'!D636 -> PAINEL VAZADO
D44: 0 | H44: 0 | L44: 0 | P44: 0 | T44: 0 | X44: 0 | AB44: 0 | AF44: 0 | AJ44: 0 | AN44: 0 | AR44: 0.5 | AV44: 0.5
B45: ='1. PQPU'!A640 -> 13.0 | C45: ='1. PQPU'!D640 -> GUARITAS
D46: 0.5 | H46: 0.5 | T46: 0 | X46: 0 | AB46: 0 | AF46: 0 | AJ46: 0 | AN46: 0 | AR46: 0 | AV46: 0
B47: ='1. PQPU'!A656 -> 14.0 | C47: ='1. PQPU'!D656 -> ABRIGOS E CABINE PRIMÁRIA
D48: 0 | H48: 0 | L48: 0.2 | P48: 0.2 | T48: 0.2 | X48: 0.2 | AB48: 0.2 | AF48: 0 | AJ48: 0 | AN48: 0 | AR48: 0 | AV48: 0
B49: ='1. PQPU'!A668 -> 15.0 | C49: ='1. PQPU'!D668 -> INSTALAÇÕES HIDROSSANITÁRIAS
D50: 0 | H50: 0.1 | L50: 0.1 | P50: 0.1 | T50: 0.1 | X50: 0.1 | AB50: 0.1 | AF50: 0.1 | AJ50: 0.1 | AN50: 0.2 | AR50: 0 | AV50: 0
B51: ='1. PQPU'!A830 -> 16.0 | C51: ='1. PQPU'!D830 -> COMBATE A INCÊNDIO
D52: 0 | H52: 0 | L52: 0 | P52: 0 | T52: 0 | X52: 0 | AB52: 0.1665 | AF52: 0.1665 | AJ52: 0.1665 | AN52: 0.1665 | AR52: 0.1665 | AV52: 0.1675
B53: ='1. PQPU'!A850 -> 17.0 | C53: ='1. PQPU'!D850 -> SPDA
D54: 0 | H54: 0 | L54: 0.1 | P54: 0.1 | T54: 0.1 | X54: 0.1 | AB54: 0.1 | AF54: 0.1 | AJ54: 0.1 | AN54: 0.1 | AR54: 0.2
B55: ='1. PQPU'!A857 -> 18.0 | C55: ='1. PQPU'!D857 -> GASES MEDICINAIS
D56: 0 | H56: 0 | L56: 0 | P56: 0.15 | T56: 0.15 | X56: 0.15 | AB56: 0.15 | AF56: 0.15 | AJ56: 0.15 | AN56: 0.1 | AR56: 0
B57: ='1. PQPU'!A884 -> 19.0 | C57: ='1. PQPU'!D884 -> GLP
D58: 0 | H58: 0 | L58: 0 | P58: 0 | T58: 0 | X58: 0.5 | AB58: 0.5 | AF58: 0 | AJ58: 0 | AN58: 0 | AR58: 0
B59: ='1. PQPU'!A889 -> 20.0 | C59: ='1. PQPU'!D889 -> INSTALAÇÕES ELÉTRICAS
D60: 0 | H60: 0 | L60: 0.1 | P60: 0.1 | T60: 0.1 | X60: 0.1 | AB60: 0.1 | AF60: 0.1 | AJ60: 0.1 | AN60: 0.1 | AR60: 0.2
B61: ='1. PQPU'!A1132 -> 21.0 | C61: ='1. PQPU'!D1132 -> REDE DE DADOS E TELEFONIA
D62: 0 | H62: 0 | L62: 0 | P62: 0.125 | T62: 0.125 | X62: 0.125 | AB62: 0.125 | AF62: 0.125 | AJ62: 0.125 | AN62: 0.125 | AR62: 0.125
B63: 22.0 | C63: ='1. PQPU'!D1145 -> IMPERMEABILIZAÇÕES
D64: 0 | H64: 0 | L64: 0.25 | P64: 0.25 | T64: 0.25 | X64: 0.25 | AB64: 0 | AF64: 0 | AJ64: 0 | AN64: 0 | AR64: 0
B65: ='1. PQPU'!A1185 -> 23.0 | C65: ='1. PQPU'!D1185 -> SINALIZAÇÃO
D66: 0 | H66: 0 | L66: 0 | P66: 0 | T66: 0 | X66: 0 | AB66: 0 | AF66: 0 | AJ66: 0 | AN66: 0 | AR66: 0 | AV66: 1
B67: ='1. PQPU'!A1194 -> 24.0 | C67: ='1. PQPU'!D1194 -> EQUIPAMENTOS
D68: 0.091 | H68: 0.091 | L68: 0.091 | P68: 0.091 | T68: 0.091 | X68: 0.091 | AB68: 0.091 | AF68: 0.091 | AJ68: 0.091 | AN68: 0.091 | AR68: 0.09
B69: ='1. PQPU'!A1354 -> 25.0 | C69: ='1. PQPU'!D1354 -> LIMPEZA FINAL
D70: 0 | H70: 0 | L70: 0 | P70: 0 | T70: 0 | X70: 0 | AB70: 0 | AF70: 0 | AJ70: 0 | AN70: 0 | AR70: 0.5 | AV70: 0.5
B71: ='1. PQPU'!A1358 -> 26.0 | C71: ='1. PQPU'!D1358 -> CONTENÇÃO DE TALUDE
H72: 0.2 | L72: 0.2 | P72: 0.2 | T72: 0.2 | X72: 0.2 | AB72: 0 | AF72: 0 | AJ72: 0 | AN72: 0 | AR72: 0 | AV72: 0
B73: ='1. PQPU'!A1366 -> 27.0 | C73: ='1. PQPU'!D1366 -> ADMINISTRAÇÃO LOCAL
D74: 0.083 | H74: 0.083 | L74: 0.083 | P74: 0.083 | T74: 0.083 | X74: 0.083 | AB74: 0.083 | AF74: 0.083 | AJ74: 0.083 | AN74: 0.083 | AR74: 0.083 | AV74: 0.087
